 Dungeon Sprint DCSS version 0.31.0-9-g3a7656b989 (webtiles) character file.

Game seed: 4024393669369686519

66154 Heoruswealwe the Minotaur Porcupine (level 14, -10/162 HPs)
             Began as a Minotaur Fighter on Feb 1, 2024.
             Was an Initiate of Gozag.
             Mangled by an Orb Guardian (15 damage)
             ... in the Dungeon (Sprint IX: "|||||||||||||||||||||||||||||").
             The game lasted 00:37:34 (5532 turns).

Heoruswealwe the Minotaur Porcupine (MiFi)          Turns: 5532, Time: 00:37:35

Health: -10/162    AC: 33    Str: 30    XL:     14   Next: 78%
Magic:  5/13       EV: 17    Int:  5    God:    Gozag
Gold:   5509       SH:  0    Dex:  9    Spells: 13/13 levels left

rFire   . . .        b - +2 bardiche (spect)
rCold   . . .        (shield currently unavailable)
rNeg    + . .        c - +0 shadow dragon scales
rPois   .            (helmet restricted)
rElec   .            h - +1 cloak of Starlight {*Dazzle EV+4 Stlth--}
rCorr   +            f - +1 pair of gloves "Nilouna" {rN+ rCorr}
SInv    .            e - +1 pair of boots
Will    +....        i - amulet of reflection Stlth
                     k - +3 ring of strength
HPRegen 0.47/turn    (no ring)
MPRegen 0.13/turn

%: no teleportation, reflection
@: confused, afraid, gold aura, hasted, very quick
A: horns 2, retaliatory headbutt
a: Renounce Religion, Potion Petition, Call Merchant, Bribe Branch


You were in the Dungeon.
You worshipped Gozag.
Gozag was greatly pleased with you.
You visited 1 branch You collected 16540 gold pieces.
You spent 4031 gold pieces at shops.
You paid 7000 gold pieces to Gozag.

Inventory:

Hand Weapons
 a - a +2 demon trident of pain
 b - a +2 spectral bardiche (weapon)
 q - a +0 rapier
 u - a +0 trident of protection
Missiles
 v - 2 boomerangs (quivered)
Armour
 c - +0 shadow dragon scales (worn)
 d - a +1 tower shield
 e - a +1 pair of boots (worn)
 f - the +1 pair of gloves "Nilouna" (worn) {rN+ rCorr}
   (You bought it in a shop in the Dungeon)

   rN+:       It protects you from negative energy.
   rCorr:     It protects you from acid and corrosion.
 h - the +1 cloak of Starlight (worn) {*Dazzle EV+4 Stlth--}
   (You bought it in a shop in the Dungeon)

   *Dazzle:   It may blind those who miss an attack against the wearer in melee
   combat.
   EV+4:      It affects your evasion (+4).
   Stlth--:   It makes you much less stealthy.
 w - a +0 robe
 A - the +10 Black Knight's barding {ponderous, rPois rN+}
   (You bought it in a shop in the Dungeon)

   rPois:     It protects you from poison rN+: It protects you from negative
   energy.
Jewellery
 i - an amulet of reflection (around neck)
 k - a +3 ring of strength (left hand)
Wands
 m - a wand of roots (10)
 r - a wand of mindburst (5)
Scrolls
 j - 4 scrolls of blinking
 l - 4 scrolls of enchant armour
 s - a scroll of revelation
 t - a scroll of fear {unknown}
Potions
 g - 6 potions of haste
 n - a potion of might
 o - a potion of mutation
 p - a potion of berserk rage


   Skills:
 + Level 25.2 Fighting
 O Level 27 Polearms
 + Level 25.2 Armour
 + Level 12.8 Dodging
 + Level 14.4 Shields
 + Level 10.9 Evocations


You had 13 spell levels left.
You didn't know any spells.
Your spell library was empty.

Dungeon Overview and Level Annotations

Branches:
Dungeon (1/1)

Altars:
Cheibriados
Dithmenos
Elyvilon
Fedhas
Gozag
Hepliaklqana
Kikubaaqudgha
Makhleb
Nemelex Xobeh
Okawaru
Qazlal
Ru
Sif Muna
Trog
Uskayaw
Vehumet
Wu Jian
Xom
Yredelemnul
Zin
The Shining One
Jiyva
Lugonu

Shops:
D (:*!:[(((*[


Innate Abilities, Weirdness & Mutations

You have a pair of horns on your head.
You reflexively headbutt those who attack you in melee.


Message History

You kill the goblin!
The goblin's corpse dissolves into shadows!
The ball python is no longer distracted by gold.
The ironbound convoker begins to recite a word of recall!
The glowing orange brain pulsates.
You are confused.
The glowing orange brain pulsates.
You are more confused.
The Orb Guardian is recalled. x2; The Orb Guardian hits you!
* * * LOW HITPOINT WARNING * * *
The glowing orange brain pulsates. 2 Orb Guardians come into view.
You closely miss the Orb Guardian. The Orb Guardian misses you.
You bump into the unnaturally hard rock wall.
The vault sentinel blows a loud note on a signal horn!
The glowing orange brain is distracted by your dazzling golden aura.
A vault sentinel comes into view. It is wielding a +0 falchion.
The Orb Guardian hits you!
* * * LOW HITPOINT WARNING * * *
The Orb Guardian hits you!
* * * LOW HITPOINT WARNING * * *
The vault sentinel shouts!
You are too confused!
You bump into the unnaturally hard rock wall.
The Orb Guardian hits you.
* * * LOW HITPOINT WARNING * * *
The Orb Guardian hits you but does no damage.
The vault sentinel blows a loud note on a signal horn!
You hear a shout! x2
You hit the Orb Guardian but do no damage.
Your headbutt misses the Orb Guardian.
The Orb Guardian hits you but does no damage.
The Orb Guardian closely misses you.
You closely miss the Orb Guardian. Your headbutt misses the Orb Guardian.
You miss the Orb Guardian.
The Orb Guardian hits you but does no damage. x2
You bump into the unnaturally hard rock wall.
The Orb Guardian hits you!
You die...
Your body crumbles into a pile of gold.

)))[[.[[[[[[.?........[..........
▓▓▓▓▓▓▓▓▓▓▓▓▓▓▓▓▓▓▓▓▓▓▓▓▓▓▓▓▓▓▓▓▓
...).............................
▓▓▓▓▓▓▓▓▓▓▓▓▓▓▓♣♣♣♣♣♣♣♣♣♣▓▓▓▓▓▓▓▓
.....'.(.......'...).....).......
▓▓▓▓▓▓▓▓▓▓▓▓▓▓▓♣♣♣♣♣♣♣♣♣♣▓▓▓▓▓▓▓▓
.................................
▓▓▓▓▓▓▓▓▓▓▓▓▓▓▓▓▓▓▓▓▓▓▓▓▓▓▓▓▓▓▓▓▓
...............X@XpGpSph..pppG..,
▓▓▓▓▓▓▓▓▓▓▓▓▓▓▓▓▓▓▓▓▓▓▓▓▓▓▓▓▓▓▓▓*
,,,,,,,,,,,,,,,,,,,,,,,,,,,,,,,,,
*********************************
,,,,,,,,,,,,,,,,,,,,,,,,,,,,,,,,,
*********************************
,,,,,,,,,,,,,,,,,,,,,,,,,,,,,,,,,
*********************************
,+,,,,,,,,,,,,,+,,,,,,,,,,,,,+,,,


You could see 2 Orb Guardians, a glowing orange brain (scary), 2 vault
sentinels, an ironbound convoker (strong, catching breath), a jackal (summoned)
and a ball python (summoned).

Vanquished Creatures
  2 Orb Guardians (D)
  A death cob (D)
  A tengu reaver (D)
  2 draconian monks (D)
  3 fire giants (D)
  Donald (D)
  A frost giant (D)
  A vault warden (D)
  2 stone giants (D)
  A very ugly thing (D)
  2 eleionomae (D)
  A black draconian (D)
  A deep elf demonologist (D)
  A bunyip (D)
  A spark wasp (D)
  Azrael (D)
  5 ettins (D)
  A merfolk impaler (D)
  A fire dragon (D)
  2 great orbs of eyes (D)
  A yaktaur captain (D)
  2 ice dragons (D)
  A vault guard (D)
  2 anacondas (D)
  A hydra (D)
  An ironbound frostheart (D)
  An alligator (D)
  A ghost crab (D)
  2 centaur warriors (D)
  A naga warrior (D)
  2 boulder beetles (D)
  2 deep troll earth magi (D)
  2 merfolk aquamancers (D)
  3 tengu warriors (D)
  Urug (D)
  A shock serpent (D)
  An occultist (D)
  A spriggan berserker (D)
  Sonja (D)
  A skyshark (D)
  A pharaoh ant (D)
  2 sea snakes (D)
  2 glowing orange brains (D)
  An arcanist (D)
  An orb spider (D)
  A swamp dragon (D)
  A bog body (D)
  A flayed ghost (D)
  2 harpies (D)
  2 ironbound convokers (D)
  A deep elf pyromancer (D)
  2 lindwurms (D)
  Maurice (D)
  7 orc knights (D)
  A cyclops (D)
  A wolf spider (D)
  A salamander (D)
  2 ugly things (D)
  A will-o-the-wisp (D)
  A meliai (D)
  An elephant (D)
  2 moths of wrath (D)
  A manticore (D)
  A torpor snail (D)
  3 black mambas (D)
  A vault sentinel (D)
  A naga mage (D)
  A gargoyle (D)
  3 cane toads (D)
  4 komodo dragons (D)
  An unseen horror (D)
  A freezing wraith (D)
  A guardian mummy (D)
  3 merfolk (D)
  A troll (D)
  3 tyrant leeches (D)
  A slime creature (D)
  3 jumping spiders (D)
  3 yaks (D)
  2 basilisks (D)
  2 fire elementals (D)
  A water moccasin (D)
  3 hell hounds (D)
  A laughing skull (D)
  17 orc warriors (D)
  An ogre (D)
  2 wolves (D)
  A boggart (D)
  A centaur (D)
  A killer bee (D)
  A howler monkey (D)
  2 hounds (D)
  3 orc priests (D)
  4 orc wizards (D)
  An adder (D)
  3 ribbon worms (D)
  8 orcs (D)
  An endoplasm (D)
  A giant cockroach (D)
  A jackal (D)
  2 kobolds (D)
185 creatures vanquished.

Vanquished Creatures (others)
  A spriggan druid (D)
  A spectral weapon (D)
2 creatures vanquished.

Grand Total: 187 creatures vanquished

Notes
Turn   | Place    | Note
-------+----------+-------------------------------------------
     0 | D        | Heoruswealwe the Minotaur Fighter began the quest for the
                  | Orb.
     0 | D        | Reached XP level 1. HP: 19/19 MP: 0/0
     6 | D        | Reached skill level 3 in Polearms
    16 | D        | Reached skill level 4 in Polearms
    22 | D        | Noticed an ogre
    22 | D        | Noticed a hound
    22 | D        | Noticed a hound
    25 | D        | Reached XP level 2. HP: 28/28 MP: 1/1
    34 | D        | Killed an ogre
    35 | D        | Reached skill level 7 in Polearms
    35 | D        | Reached XP level 3. HP: 23/38 MP: 2/2
    35 | D        | Reached XP level 4. HP: 27/45 MP: 3/3
    38 | D        | Reached skill level 8 in Polearms
    46 | D        | Reached skill level 9 in Polearms
    46 | D        | Reached XP level 5. HP: 27/52 MP: 4/4
    52 | D        | Found a snail-covered altar of Cheibriados.
    52 | D        | Found a shadowy altar of Dithmenos.
    52 | D        | Found a white marble altar of Elyvilon.
    52 | D        | Found a blossoming altar of Fedhas.
    52 | D        | Found an opulent altar of Gozag.
    53 | D        | Found a hazy altar of Hepliaklqana.
    54 | D        | Found a viscous altar of Jiyva.
    55 | D        | Found an ancient bone altar of Kikubaaqudgha.
    56 | D        | Found a corrupted altar of Lugonu.
    57 | D        | Found a burning altar of Makhleb.
    58 | D        | Found a sparkling altar of Nemelex Xobeh.
    59 | D        | Found an iron altar of Okawaru.
    60 | D        | Became a worshipper of Gozag Ym Sagoz the Greedy
    61 | D        | Found a stormy altar of Qazlal.
    62 | D        | Found a sacrificial altar of Ru.
    63 | D        | Found a shimmering blue altar of Sif Muna.
    64 | D        | Found a bloodstained altar of Trog.
    65 | D        | Found a hide-covered altar of Uskayaw.
    66 | D        | Found a radiant altar of Vehumet.
    67 | D        | Found an ornate altar of the Wu Jian Council.
    68 | D        | Found a shimmering altar of Xom.
    69 | D        | Found a basalt altar of Yredelemnul.
    70 | D        | Found a glowing silver altar of Zin.
    71 | D        | Found a glowing golden altar of the Shining One.
   137 | D        | Noticed a troll
   137 | D        | Noticed a centaur
   137 | D        | Noticed a yak
   140 | D        | Killed a troll
   141 | D        | Reached skill level 11 in Polearms
   141 | D        | Reached XP level 6. HP: 54/63 MP: 5/5
   142 | D        | Reached skill level 12 in Polearms
   151 | D        | Killed a yak
   152 | D        | Reached skill level 10 in Fighting
   152 | D        | Reached skill level 13 in Polearms
   152 | D        | Reached skill level 10 in Armour
   152 | D        | Reached XP level 7. HP: 60/72 MP: 6/6
   191 | D        | Noticed a deep elf pyromancer
   191 | D        | Noticed a cyan ugly thing
   191 | D        | Noticed a gargoyle
   191 | D        | Noticed a cyclops
   198 | D        | Killed a deep elf pyromancer
   199 | D        | Reached skill level 15 in Polearms
   199 | D        | Reached XP level 8. HP: 37/82 MP: 7/7
   205 | D        | Killed a cyan ugly thing
   206 | D        | Reached skill level 16 in Polearms
   216 | D        | HP: 1/83 [gargoyle/+0 morningstar (19)]
   218 | D        | Killed a gargoyle
   221 | D        | Killed a cyclops
   222 | D        | Reached skill level 17 in Polearms
   222 | D        | Reached XP level 9. HP: 18/92 MP: 8/8
   247 | D        | Killed an unseen horror
   610 | D        | Noticed a komodo dragon
   610 | D        | Noticed a cane toad
   610 | D        | Noticed a komodo dragon
   619 | D        | Noticed a boulder beetle
   627 | D        | Killed a komodo dragon
   628 | D        | Reached skill level 18 in Polearms
   638 | D        | Noticed a skyshark
   640 | D        | Killed a komodo dragon
   641 | D        | Noticed a cane toad
   643 | D        | Killed a cane toad
   644 | D        | Reached skill level 19 in Polearms
   655 | D        | Killed a skyshark
   656 | D        | Reached XP level 10. HP: 42/104 MP: 9/9
   666 | D        | Killed a boulder beetle
   667 | D        | Reached skill level 20 in Polearms
   859 | D        | Killed a cane toad
   860 | D        | Reached skill level 15 in Fighting
   860 | D        | Reached skill level 15 in Armour
   947 | D        | Noticed a black mamba
   947 | D        | Noticed a four-headed hydra
   950 | D        | Noticed an elephant
   956 | D        | Killed an eight-headed hydra
   959 | D        | Killed a black mamba
   959 | D        | Noticed a cane toad
   960 | D        | Reached skill level 21 in Polearms
   970 | D        | Killed an elephant
   981 | D        | Killed a cane toad
  1108 | D        | Noticed a lindwurm
  1108 | D        | Noticed a lindwurm
  1113 | D        | Killed a lindwurm
  1114 | D        | Reached XP level 11. HP: 35/115 MP: 10/10
  1398 | D        | Reached skill level 22 in Polearms
  1419 | D        | Killed a lindwurm
  1672 | D        | Noticed Sonja
  1677 | D        | Killed Sonja
  1831 | D        | Noticed Maurice
  1834 | D        | Maurice stole 503 gold
  1835 | D        | Maurice stole a +0 trident
  1844 | D        | Killed Maurice
  1939 | D        | Reached skill level 23 in Polearms
  1939 | D        | Noticed an ettin
  1953 | D        | Killed an ettin
  2246 | D        | Noticed an orc knight
  2265 | D        | Killed an orc knight
  2357 | D        | Found Otadd's Book Emporium.
  2357 | D        | Noticed an orc knight
  2357 | D        | Noticed an orc knight
  2357 | D        | Noticed an orc knight
  2360 | D        | Killed an orc knight
  2374 | D        | Killed an orc knight
  2375 | D        | Reached skill level 24 in Polearms
  2381 | D        | Killed an orc knight
  2536 | D        | Found Mauxodar's General Store.
  2540 | D        | Found Sito's Distillery.
  2544 | D        | Found Wyvev's Book Shoppe.
  2547 | D        | Noticed an orc knight
  2548 | D        | Noticed an orc knight
  2568 | D        | Killed an orc knight
  2575 | D        | Killed an orc knight
  2577 | D        | Noticed an orc knight
  2595 | D        | Killed an orc knight
  2596 | D        | Reached XP level 12. HP: 50/128 MP: 11/11
  2849 | D        | Bought a potion of haste for 110 gold pieces
  2849 | D        | Bought a potion of haste for 110 gold pieces
  2849 | D        | Bought a potion of lignification for 33 gold pieces
  2849 | D        | Bought a potion of degeneration for 11 gold pieces
  2849 | D        | Bought a potion of attraction for 33 gold pieces
  2849 | D        | Bought a potion of curing for 33 gold pieces
  2849 | D        | Bought 2 potions of curing for 66 gold pieces
  2849 | D        | Bought a potion of might for 44 gold pieces
  2851 | D        | Bought 2 scrolls of poison for 104 gold pieces
  2851 | D        | Bought a scroll of identify for 26 gold pieces
  2851 | D        | Bought a scroll of brand weapon for 123 gold pieces
  2851 | D        | Bought a potion of enlightenment for 65 gold pieces
  2882 | D        | Bought a pair of spiked gloves for 294 gold pieces
  2882 | D        | Identified the +1 pair of gloves "Nilouna" {rN+ rCorr} (You
                  | bought it in a shop in the Dungeon)
  2893 | D        | Bought 2 scrolls labelled VUEKOC VYWIPLE for 54 gold pieces
  2893 | D        | Bought a scroll labelled LISHEUFREGEI for 27 gold pieces
  2893 | D        | Bought a potion of curing for 81 gold pieces
  2897 | D        | Bought the +1 cloak of Starlight {*Dazzle EV+4 Stlth--} for
                  | 915 gold pieces
  2897 | D        | Found the +1 cloak of Starlight {*Dazzle EV+4 Stlth--}
  2897 | D        | Bought the +10 Black Knight's barding {ponderous, rPois
                  | rN+} for 1902 gold pieces
  2897 | D        | Found the +10 Black Knight's barding {ponderous, rPois rN+}
  2979 | D        | Noticed a tengu warrior
  2979 | D        | Noticed a tengu reaver
  2979 | D        | Noticed a stone giant
  2979 | D        | Noticed an ice dragon
  2979 | D        | Noticed an ice dragon
  2979 | D        | Noticed Donald
  2979 | D        | Noticed an anaconda
  2979 | D        | Noticed an anaconda
  2980 | D        | Noticed a fire giant
  3191 | D        | Noticed a centaur warrior
  3191 | D        | Noticed a boulder beetle
  3199 | D        | Reached skill level 25 in Polearms
  3210 | D        | Killed a boulder beetle
  3227 | D        | Killed a fire giant
  3231 | D        | Killed a centaur warrior
  3249 | D        | Reached skill level 26 in Polearms
  3547 | D        | Killed a tengu reaver
  3553 | D        | Killed a stone giant
  3554 | D        | Killed a tengu warrior
  3558 | D        | Killed an ice dragon
  3562 | D        | Killed an ice dragon
  3728 | D        | Killed Donald
  3729 | D        | Reached skill level 27 in Polearms
  3837 | D        | Noticed Urug
  3842 | D        | Killed Urug
  3911 | D        | Reached XP level 13. HP: 100/143 MP: 12/12
  4025 | D        | Noticed a merfolk impaler
  4037 | D        | Reached skill level 1 in Dodging
  4037 | D        | Reached skill level 1 in Evocations
  4045 | D        | Killed a merfolk impaler
  4046 | D        | Reached skill level 5 in Shields
  4333 | D        | Noticed a bunyip
  4333 | D        | Noticed an eleionoma
  4338 | D        | Killed an eleionoma
  4339 | D        | Killed a bunyip
  4349 | D        | Noticed an eleionoma
  4356 | D        | Killed an eleionoma
  4372 | D        | Reached skill level 5 in Dodging
  4507 | D        | Reached skill level 5 in Evocations
  4804 | D        | Noticed Azrael
  4811 | D        | Killed Azrael
  4941 | D        | Noticed a fire giant
  4941 | D        | Noticed a fire giant
  4941 | D        | Noticed an ettin
  4941 | D        | Noticed a frost giant
  4941 | D        | Noticed a stone giant
  4942 | D        | Killed a fire giant
  4948 | D        | Killed a fire giant
  4948 | D        | Noticed a spark wasp
  4953 | D        | Killed a frost giant
  4956 | D        | Killed an ettin
  4956 | D        | Noticed an ettin
  4963 | D        | Killed a stone giant
  4964 | D        | Reached skill level 10 in Shields
  4972 | D        | Killed a spark wasp
  4973 | D        | Reached XP level 14. HP: 40/157 MP: 13/13
  4977 | D        | Noticed a green very ugly thing
  4985 | D        | Killed a green very ugly thing
  5020 | D        | Reached skill level 10 in Dodging
  5449 | D        | Noticed a vault warden
  5453 | D        | Noticed a green draconian monk
  5469 | D        | Killed a green draconian monk
  5471 | D        | Killed a vault warden
  5474 | D        | Reached skill level 10 in Evocations
  5475 | D        | Noticed a green draconian monk
  5475 | D        | Noticed an Orb Guardian
  5480 | D        | Killed an Orb Guardian
  5487 | D        | Killed a green draconian monk
  5503 | D        | Noticed a death cob
  5504 | D        | Noticed an Orb Guardian
  5507 | D        | Killed a death cob
  5516 | D        | Killed an Orb Guardian
  5526 | D        | Noticed an Orb Guardian
  5526 | D        | Noticed an Orb Guardian
  5527 | D        | HP: 7/162 [Orb Guardian (14)]
  5532 | D        | Mangled by an Orb Guardian

Illustrated notes

Levels and vault maps discovered:
D:        linesprint [early_d, line_temple, items_1, d_10, items_2, lair_1,
          lair_end, items_3, orc_1, orc_end, items_4, d_15, swamp_1, shoals_1,
          snake_1, spider_1, d_20, vaults_1, items_5, swamp_end, shoals_end,
          snake_end, spider_end, vaults_end, d_27, items_6, zot_1, zot_end,
          crypt_end, forest_end, elf_end, slime_end, tomb_end, abyss_end,
          pan_hell_end]

Skill      XL: |  1  2  3  4  5  6  7  8  9 10 11 12 13 14 |
---------------+-------------------------------------------+-----
Polearms       | 4 7 9 11 13 15 17 19 21 24 27 | 27.0
Fighting       | 4 6 7 9 10 11 12 14 16 18 21 23 25 | 25.2
Armour         | 4 6 7 9 10 11 12 14 16 18 21 23 25 | 25.2
Dodging        | 8 12 | 12.8
Shields        | 10 14 | 14.4
Evocations     | 7 10 | 10.9

Action                     |  1- 3 |  4- 6 |  7- 9 | 10-12 | 13-15 || total
---------------------------+-------+-------+-------+-------+-------++-------
  Melee: Trident           |    23 |    11 |       |       |       ||    34
         Headbutt          |     2 |     6 |    23 |    57 |    28 ||   116
         Halberd           |       |    14 |    82 |   158 |       ||   254
         Bardiche          |       |       |       |   105 |   167 ||   272
 Invoke: Call Merchant     |       |       |       |     6 |     1 ||     7
    Use: Potion            |     1 |       |     7 |     6 |     8 ||    22
         Scroll            |       |       |       |     6 |       ||     6
   Stab: Distracted        |       |       |     1 |     1 |     2 ||     4
 Armour: Scale mail        |     8 |     7 |       |       |       ||    15
         Ring mail         |       |     7 |    72 |    71 |       ||   150
         Plate armour      |       |       |       |    34 |       ||    34
         Shadow dragon sca |       |       |       |    37 |   109 ||   146
  Dodge: Dodged            |     9 |    13 |    16 |    60 |    49 ||   147
  Block: Buckler           |     2 |     1 |       |       |       ||     3
         Other             |       |       |       |    23 |    19 ||    42
         Reflection        |       |       |       |     1 |     1 ||     2
